Map: Orbital Shipyard

Players

CMStormPolt (Polt) - Winner!

  • Race: Terran Terran
  • League: Grandmaster

Harstem

  • Race: Protoss Protoss

Event: Root's WW3

VOD

Have the link to the VOD?

Description

Time

  • Played on: Dec. 12, 2015, 5:53 a.m.
  • Length: 14:18

All games in this series

Show
View Real Time Build Order
Export as new Build Order

CMStormPolt Terran - Winner!

Build Orders: Command Center First (CC), MMM Bio 

Get SALT Encoding   

  12  0:00  SCV  
  13  0:12  SCV  
  14  0:17  Supply Depot  
  14  0:25  SCV  
  15  0:39  SCV  
  16  0:51  SCV  
  17  0:58  Command Center  
  17  1:03  SCV  
  18  1:12  Barracks  
  18  1:15  SCV  
  19  1:25  Barracks  
  19  1:29  SCV  
  20  1:41  SCV  
  20  1:42  Barracks  
  21  2:00  Marine  
  23  2:02  Orbital Command  
  22  2:10  Orbital Command  
  22  2:12  Marine  
  23  2:18  Marine  
  23  2:21  Refinery  
  23  2:22  Refinery  
  24  2:27  SCV  
  24  2:29  Marine  
  26  2:30  Marine  
  26  2:35  SCV  
  26  2:36  Marine  
  29  2:40  SCV  
  30  2:47  Supply Depot  
  30  2:48  SCV, Marine  
  30  2:50  Barracks Tech Lab  
  32  2:52  SCV  
  32  2:54  Marine  
  34  3:00  SCV  
  34  3:04  SCV  
  34  3:05  Supply Depot  
  36  3:08  Marine  
  36  3:09  Marine  
  36  3:11  Stimpack  
  36  3:12  Marine  
  39  3:16  SCV x2  
  41  3:22  Supply Depot  
  41  3:28  SCV x2  
  41  3:29  Marine x3  
  46  3:34  Factory  
  46  3:40  SCV x2  
  48  3:42  Refinery  
  48  3:46  Engineering Bay  
  48  3:50  Marauder  
  48  3:53  SCV  
  48  3:54  SCV  
  52  3:57  Barracks Reactor x2  
  52  4:04  Supply Depot  
  52  4:05  SCV  
  53  4:11  Marauder  
  53  4:15  SCV  
  56  4:17  SCV  
  56  4:19  Refinery  
  56  4:21  Starport  
  56  4:22  Factory Reactor  
  57  4:25  Supply Depot  
  57  4:28  SCV  
  57  4:29  SCV  
  59  4:33  Marauder  
  59  4:35  Marine x2  
  59  4:38  Marine x2  
  65  4:46  SCV x2  
  65  4:49  Supply Depot  
  67  4:54  Marauder, Marine x2  
  67  4:56  Marine x2  
  73  5:05  SCV, Medivac x2  
  78  5:08  Supply Depot  
  78  5:10  SCV  
  78  5:12  Supply Depot  
  79  5:14  Combat Shields  
  79  5:16  Marauder  
  79  5:20  Marine x3  
  79  5:21  Marine  
  85  5:28  Factory Reactor  
  85  5:29  Barracks  
  85  5:34  Barracks  
  85  5:35  Terran Infantry Weapons Level 1  
  85  5:39  Medivac x2  
  89  5:44  Marauder  
  89  5:46  Marine x3  
  89  5:49  Marine  
  94  6:00  Supply Depot  
  94  6:01  Supply Depot  
  94  6:02  Supply Depot  
  94  6:05  Ghost Academy  
  94  6:07  Marauder  
  94  6:09  Marine x2  
  94  6:10  Marine x2  
  100  6:19  Medivac  
  100  6:21  Medivac  
  100  6:23  Supply Depot x2, Barracks Tech Lab  
  104  6:32  Marine x4  
  108  6:34  Marine x2  
  110  6:42  Ghost x2  
  110  6:45  Concussive Shells  
  114  6:51  Marine x4  
  114  6:53  Marine x2  
  120  7:00  Viking  
  118  7:09  Missile Turret  
  118  7:13  SCV x2  
  120  7:26  Marauder x2  
  120  7:28  Marine x4  
  128  7:30  Marine x2  
  130  7:43  Terran Infantry Armor Level 1  
  129  7:52  Ghost x2  
  129  7:58  Supply Depot  
  133  7:59  Supply Depot  
  133  8:00  Marine x4  
  133  8:03  Marine  
  133  8:04  Marine  
  139  8:12  Medivac  
  141  8:19  Medivac  
  143  8:33  Liberator  
  143  8:34  Liberator  
  143  8:36  Ghost  
  143  8:37  Ghost, Marine x5  
  143  8:38  Marine  
  143  8:39  Widow Mine  
  128  9:07  Marauder x2, Marine x6  
  107  9:25  Marine x6  
  107  9:29  Marauder x2  
  107  9:33  Medivac  
  107  9:34  Medivac  
  108  9:43  Marine x2  
  108  9:44  Marine x4  
  114  9:50  Marauder x2  
  114  9:52  Armory  
  118  9:53  Engineering Bay  
  118  10:10  Marine x6  
  118  10:11  Marauder  
  118  10:12  Marauder  
  118  10:13  Orbital Command  
  128  10:30  Marine x2  
  128  10:31  Marine x4  
  128  10:33  Marauder x2  
  128  10:34  Medivac x2  
  142  10:42  Terran Infantry Weapons Level 2  
  142  10:46  Terran Infantry Armor Level 2  
  139  11:09  Marauder x2, Marine x6  
  139  11:27  Marine x6  
  139  11:31  Marauder x2  
  139  11:32  Medivac x2  
  151  11:34  Widow Mine  
  138  11:49  Marine x6  
  138  11:52  Marauder x2  
  148  11:57  Liberator  
  148  12:02  Liberator  
  145  12:10  Marine x3  
  145  12:11  Marine x3  
  145  12:13  Marauder x2  
  158  12:19  Widow Mine  
  163  12:27  Refinery x2  
  144  12:39  Marauder x2  
  144  12:40  Marine x2  
  144  12:41  Marine  
  141  12:51  Orbital Command  
  125  12:54  Marine x3  
  127  13:24  Marauder x2, Marine x6  
  127  13:26  Refinery  
  135  13:41  Marine x3  
  135  13:42  Marine  
  135  13:43  Marine x2  
  135  13:45  Marauder x2  
Show
View Real Time Build Order
Export as new Build Order

Harstem Protoss 

Build Orders: 1 Gate Expand 

Get SALT Encoding   

  12  0:01  Probe (Chrono Boost)  
  13  0:12  Probe (Chrono Boost)  
  14  0:18  Pylon  
  14  0:22  Probe (Chrono Boost)  
  15  0:36  Probe (Chrono Boost)  
  15  0:38  Gateway  
  16  0:47  Probe (Chrono Boost)  
  17  0:57  Probe (Chrono Boost)  
  18  1:10  Nexus  
  18  1:17  Probe (Chrono Boost)  
  19  1:25  Cybernetics Core  
  19  1:27  Assimilator  
  19  1:33  Assimilator  
  19  1:34  Probe (Chrono Boost)  
  20  1:41  Pylon  
  20  1:45  Probe (Chrono Boost)  
  21  1:55  Probe (Chrono Boost)  
  21  2:01  Adept (Chrono Boost)  
  24  2:06  Probe  
  25  2:12  Warp Gate  
  25  2:18  Probe  
  25  2:22  Probe  
  26  2:25  Adept (Chrono Boost)  
  29  2:30  Probe  
  29  2:32  Probe  
  31  2:40  Robotics Facility  
  31  2:42  Probe (Chrono Boost)  
  31  2:43  Probe (Chrono Boost)  
  32  2:49  Adept (Chrono Boost)  
  35  2:54  Probe (Chrono Boost)  
  35  2:55  Probe (Chrono Boost)  
  39  3:06  Mothership Core (Chrono Boost), Probe (Chrono Boost)  
  39  3:10  Pylon  
  40  3:15  Adept  
  40  3:16  Probe (Chrono Boost)  
  43  3:24  Probe (Chrono Boost)  
  45  3:27  Probe (Chrono Boost)  
  45  3:34  Probe (Chrono Boost)  
  45  3:36  Probe (Chrono Boost)  
  45  3:38  Observer (Chrono Boost)  
  45  3:41  Nexus  
  48  3:42  Pylon  
  48  3:46  Probe x2  
  50  3:54  Assimilator  
  50  3:57  Probe  
  50  3:58  Probe  
  50  4:01  Gateway x2  
  52  4:05  Twilight Council  
  52  4:06  Observer (Chrono Boost)  
  52  4:07  Probe  
  54  4:10  Probe, Assimilator  
  54  4:14  Pylon  
  55  4:19  Probe  
  55  4:22  Probe  
  58  4:24  Observer (Chrono Boost), Pylon  
  58  4:25  Adept  
  61  4:34  Gateway, Probe  
  61  4:36  Probe, Gateway  
  62  4:44  Blink (Chrono Boost)  
  62  4:46  Probe  
  62  4:50  Warp Prism (Chrono Boost)  
  62  4:51  Probe  
  66  4:52  Probe  
  66  4:56  Sentry  
  66  4:58  Probe  
  70  5:01  Sentry, Probe  
  70  5:05  Probe  
  73  5:10  Pylon  
  73  5:11  Probe  
  73  5:12  Probe, Pylon  
  76  5:16  Probe  
  76  5:17  Gateway  
  76  5:21  Sentry  
  79  5:22  Probe  
  79  5:23  Probe  
  81  5:29  Forge  
  81  5:34  Stalker x2  
  86  5:35  Stalker  
  86  5:42  Immortal (Chrono Boost)  
  88  5:46  Pylon  
  88  5:48  Stalker  
  93  5:51  Stalker  
  93  5:57  Adept  
  93  5:59  Probe  
  93  6:00  Stalker x2  
  93  6:02  Pylon  
  100  6:07  Protoss Ground Armor Level 1 (Chrono Boost)  
  100  6:13  Forge  
  100  6:14  Pylon  
  100  6:15  Adept x2  
  104  6:19  Adept x2  
  104  6:20  Immortal  
  104  6:24  Gateway  
  108  6:30  Pylon  
  112  6:38  Stalker x3  
  118  6:45  Photon Cannon  
  117  6:53  Gateway  
  117  6:57  Gateway, Pylon  
  117  6:59  Pylon  
  117  7:02  Adept x4  
  117  7:03  Protoss Ground Weapons Level 1 (Chrono Boost)  
  117  7:06  Resonating Glaives  
  125  7:09  Probe  
  126  7:18  Adept x2  
  130  7:24  Photon Cannon  
  130  7:31  Adept x5  
  140  7:40  Probe  
  141  7:47  Stalker x2, Probe  
  136  7:53  Protoss Ground Armor Level 2 (Chrono Boost)  
  136  7:57  Stalker x3, Pylon  
  141  7:58  Pylon  
  141  8:00  Probe, Assimilator  
  142  8:05  Assimilator  
  142  8:09  Probe, Pylon  
  143  8:13  Photon Cannon  
  143  8:15  Adept x6  
  155  8:20  Adept  
  155  8:21  Adept x2  
  159  8:36  Stalker x3  
  159  8:40  Pylon  
  165  8:44  Pylon  
  165  8:54  Adept x6  
  142  9:04  Adept x3  
  142  9:15  Adept x5  
  142  9:16  Adept  
  134  9:21  Immortal  
  138  9:31  Adept x3  
  138  9:37  Stalker x2  
  134  9:46  Probe  
  134  9:50  Stalker x3, Adept  
  143  9:53  Probe  
  143  9:56  Nexus  
  144  10:06  Stalker  
  144  10:07  Sentry x2, Stalker  
  153  10:16  Zealot  
  153  10:19  Protoss Ground Weapons Level 2 (Chrono Boost)  
  153  10:20  Probe  
  154  10:21  Pylon  
  154  10:22  Probe x2  
  154  10:26  Observer  
  156  10:31  Probe  
  156  10:34  Probe  
  158  10:38  Pylon  
  158  10:39  Stalker x4, Pylon, Photon Cannon  
  158  10:40  Pylon  
  158  10:41  Pylon  
  164  11:03  Protoss Ground Armor Level 3 (Chrono Boost)  
  164  11:04  Adept x7  
  178  11:17  Adept x2  
  170  11:24  Stalker x5  
  170  11:25  Adept  
  166  11:34  Probe  
  166  11:35  Probe  
  153  11:41  Adept x2  
  151  11:47  Stalker x2  
  155  11:58  Stalker x4  
  155  12:08  Stalker x2  
  155  12:11  Stalker x2  
  158  12:24  Stalker x4  
  158  12:26  Probe  
  158  12:27  Probe  
  136  12:38  Adept x3  
  136  12:39  Adept  
  113  12:48  Adept x4  
  108  12:58  Observer  
  108  12:59  Stalker x2  
  108  13:00  Probe  
  110  13:06  Stalker x2  
  110  13:12  Assimilator  
  114  13:14  Adept x3  
  114  13:15  Adept  
  114  13:17  Probe  
  121  13:21  Probe  
  121  13:23  Probe  
  121  13:24  Probe  
  124  13:27  Assimilator  
  124  13:30  Pylon  
  124  13:35  Sentry, Adept x3  
  132  13:44  Stalker x2  
  132  13:48  Adept  
  114  13:57  Stalker  
  102  14:07  Stalker x2  
  94  14:12  Stalker  
Tags
 
Add a new tag
Caveats
  • Supply blocks, unpowered buildings, or Contaminate may cause inaccurate times.
  • Supply counts are checked every 10 seconds.